AoeStats
← [GDL] BlairLucky

African Clearing

510459284Analyzed
2v2 RM · 9h ago on Oct 1, 2026· 49m 41s· 4 players
Game mode
Random Map
Map size
Medium (4 player)
Population
200
Speed
Normal
Resources
Standard
Victory
Conquest
Starting age
Dark Age
Ending age
Imperial Age
RankedLock teamsTeams togetherTeam positionsShared explorationLock speedFull tech treeHidden civsTurbo modeCheats
Victory
Defeat
🇵🇪 Mongols · Peru
1144
+18
🇵🇪 Mapuche · Peru
1124
+19
🇦🇷 Huns · Argentina
1317
-24
🇨🇱 Mongols · Chile
1051
-13
llspritell
5:50 Loom
15:18 Feudal Age
15:23 Champi Runner
16:08 Double-Bit Axe
18:29 Arson
18:58 Forging
23:26 Castle Age
22:24 Horse Collar
23:39 Champi Warrior
24:43 Scale Mail Armor
26:13 Stone Mining
28:16 Iron Casting
31:16 Wheelbarrow
31:48 Town Watch
32:42 Chain Mail Armor
34:13 Gold Mining
34:20 Elite Skirmisher
35:30 Padded Archer Armor
35:21 Fletching
39:27 Imperial Age
38:20 Ballistics
38:52 Bodkin Arrow
40:21 Elite Champi Warrior
43:26 Plate Mail Armor
45:17 Blast Furnace
44:59 Conscription
46:57 Leather Archer Armor
47:59 Butalmapu
48:34 Masonry
[GDL] BlairLucky
3:18 Loom
4:01 Loom
11:19 Feudal Age
12:03 Double-Bit Axe
23:10 Castle Age
21:38 Stone Mining
23:12 Fletching
23:24 Padded Archer Armor
23:43 Bloodlines
23:53 Town Watch
29:24 Bodkin Arrow
29:45 Leather Archer Armor
34:55 Ballistics
35:05 Husbandry
38:16 Bow Saw
39:03 Wheelbarrow
38:25 Horse Collar
38:38 Gold Mining
39:44 Heavy Plow
44:48 Imperial Age
43:42 Stone Shaft Mining
43:44 Gold Shaft Mining
46:09 Conscription
46:52 Chemistry
45:59 Siege Engineers
46:04 Bracer
45:42 Elite Mangudai
47:23 Masonry
48:04 Hand Cart
50:27 Drill
synclocox
4:55 Loom
12:30 Feudal Age
14:45 Town Watch
19:25 Double-Bit Axe
19:22 Man-at-Arms
25:50 Castle Age
26:18 Padded Archer Armor
26:09 Fletching
26:34 Long Swordsman
27:45 Pikeman
29:00 Squires
31:11 Scale Mail Armor
31:27 Scale Barding Armor
34:12 Elite Skirmisher
37:54 Leather Archer Armor
40:54 Bloodlines
46:17 Imperial Age
43:59 Scale Mail Armor
45:06 Chain Mail Armor
46:46 Two-Handed Swordsman
48:19 Forging
RAFITAGORGORI(:
12:38 Feudal Age
15:53 Loom
20:55 Forging
25:30 Castle Age
25:59 Bloodlines
25:51 Fletching
26:13 Scale Barding Armor
25:58 Double-Bit Axe
25:57 Horse Collar
26:41 Husbandry
30:41 Thumb Ring
31:59 Bodkin Arrow
34:00 Ballistics
34:02 Heavy Plow
34:21 Bow Saw
35:37 Gold Mining
40:15 Gold Shaft Mining
Connection lost

Rejoining the realm…

Still unreachable

The connection could not be restored.

Session expired

The server has moved on; the page needs a fresh start.